 Dungeon Crawl Stone Soup version 0.20-a0-517-g5f97612 (webtiles) character file.

41 Gorice the Slasher (level 3, 0/29 HPs)
             Began as a Barachian Fighter on Jan 24, 2017.
             Slain by an adder (4 damage)
             ... on level 2 of the Dungeon.
             The game lasted 00:02:53 (1280 turns).

Gorice the Slasher (Barachian Fighter)              Turns: 1280, Time: 00:02:54

Health: 0/29       AC:  6    Str: 15    XL:     3   Next: 52%
Magic:  3/3        EV:  6    Int:  6    God:
Gold:   129        SH:  8    Dex: 10    Spells: 2/2 levels left

rFire    . . .     SeeInvis .   a - +0 long sword
rCold    . . .     Gourm    .   b - +0 scale mail
rNeg     . . .     Faith    .   c - +0 shield
rPois    .         Spirit   .   (no helmet)
rElec    .         Reflect  .   (no cloak)
rCorr    .         Harm     .   (no gloves)
MR       .....                  (no boots)
Stlth    ..........             (no amulet)
Regen    0.1/turn               (no ring)
                                (no ring)

@: lethally poisoned (0 -> -3), drained, slow
A: swims, slowness 1, strong legs 1
a: Hop


You were on level 2 of the Dungeon.
You were not hungry.

You visited 1 branch of the dungeon, and saw 2 of its levels.

You collected 129 gold pieces.

Inventory:

Hand Weapons
 a - a +0 long sword (weapon)
 l - a +0 dagger of draining
   (You took it off a kobold on level 1 of the Dungeon)
Missiles
 i - 4 poisoned needles
 Z - 69 stones (quivered)
Armour
 b - a +0 scale mail (worn)
 c - a +0 shield (worn)
Scrolls
 e - a scroll of recharging {unknown}
 j - a scroll of amnesia
 q - a scroll of fear {unknown}
Potions
 d - 2 potions of might {!q}
 k - a potion of lignification {!q}
 m - 2 potions of heal wounds {!q}
 o - a potion of mutation {unknown}
 p - 3 potions of agility {!q}
 r - a potion of berserk rage {unknown}
Comestibles
 f - 3 bread rations {!e}
 g - 3 fruits
 h - a royal jelly
 n - a meat ration {!e}


   Skills:
 - Level 3.2 Fighting
 * Level 4.1 Long Blades
 - Level 3.2 Armour
 - Level 3.0(2.9) Shields


You had 2 spell levels left.
You didn't know any spells.

Dungeon Overview and Level Annotations

Branches:
Dungeon (2/15)

Altars:


Innate Abilities, Weirdness & Mutations

You can swim through water.
You cover ground slowly.
You can hop short distances.


Message History

You block the adder's attack.
There is an open door here.
The adder bites you but does no damage. The adder bites you.
You are poisoned.
The adder poisons you!
Damage: 2 (max 2)
You feel sick. The adder barely misses you.
You riposte.
You miss the adder.
Damage: 1 (max 2)
You closely miss the adder. The adder bites you.
You are more poisoned.
The adder poisons you!
Damage: 2 (max 2)
You miss the adder.
You feel sick. You block the adder's attack. x2
Damage: 1 (max 2)
You closely miss the adder. The adder bites you. The adder closely misses you.
Damage: 2 (max 2)
You barely miss the adder.
You feel sick. You block the adder's attack.
Damage: 1 (max 2)
You closely miss the adder. The adder bites you. x2
* * * LOW HITPOINT WARNING * * *
Damage: 6 (max 6)
You are too injured to fight recklessly!
You are too injured to fight recklessly!
You are too injured to fight recklessly!
You are too injured to fight recklessly!
You are too injured to fight recklessly!
You are too injured to fight recklessly!
You closely miss the adder.
You feel sick. The adder bites you but does no damage. The adder bites you.
* * * LOW HITPOINT WARNING * * *
You are more poisoned.
The adder poisons you!
Damage: 5 (max 6)
Your scale mail prevents you from hitting the adder.
You feel sick. You block the adder's attack.
Damage: 1 (max 6)
You barely miss the adder.
The adder bites you but does no damage. x2
Your shield and scale mail prevent you from hitting the adder.
You feel sick. The adder bites you but does no damage.
You block the adder's attack.
Damage: 1 (max 6)
You barely miss the adder. You block the adder's attack.
Your shield and scale mail prevent you from hitting the adder.
You feel sick. The adder barely misses you. The adder bites you.
* * * LOW HITPOINT WARNING * * *
Damage: 3 (max 6)
You closely miss the adder. The adder bites you but does no damage.
The adder bites you.
You die...

##### #...# #.#.........#
......####...# #[..........####
......#......# ##.#...........#
......#......# #.............#
.............# ##............#
.........#...### #............#
.........'...'.# ##...........#
.......).#...#S# #...........#
.........#...#@# #...........#
.........#...#.# #...........#
......####...#.####...........#
.............#...##...........#
.###.#######.###.##...>.......#
#. #.# #.....#.######## #.#
####.##.# ..# #.##.# ### #.##.#


You could see an adder.

Vanquished Creatures
  An adder (D:2)
  An ooze (D:1)
  A leopard gecko (D:1)
  2 bats (D:1)
  A giant cockroach (D:1)
  4 hobgoblins
  4 jackals
  2 frilled lizards (D:1)
  3 kobolds
  9 rats
28 creatures vanquished.

Notes
Turn   | Place    | Note
-------+----------+-------------------------------------------
     0 | D:1      | Gorice the Barachian Fighter began the quest for the Orb.
     0 | D:1      | Reached XP level 1. HP: 18/18 MP: 1/1
   223 | D:1      | Reached skill level 3 in Long Blades
   223 | D:1      | Reached XP level 2. HP: 24/24 MP: 2/2
   785 | D:1      | Reached XP level 3. HP: 29/29 MP: 3/3
  1051 | D:2      | Reached skill level 4 in Long Blades
  1275 | D:2      | HP: 8/29 [poisoned by an adder]
  1280 | D:2      | Slain by an adder

Vault maps used:
D:1:      tarquinn_simple_flora_water_c, minmay_fountain_box
D:2:      first_bread

Skill      XL: |  1  2  3 |
---------------+----------+-----
Long Blades    | 3 4 |  4.1
Fighting       | |  3.2
Armour         | |  3.2
Shields        | |  3.0

Action                   || total
-------------------------++-------
Melee: Long sword        ||   108
  Use: Scroll            ||     6
  Eat: Chunk             ||     2
Armor: Scale mail        ||    48
Dodge: Dodged            ||    40
Block: Shield            ||    66
       Rpst.: Long sword ||    13

Table legend:
 A = Turns spent in this place as a percentage of turns spent in the entire game.
 B = Non-inter-level travel turns spent in this place as a percentage of non-inter-level travel turns spent in the entire game.
 C = Inter-level travel turns spent in this place as a percentage of turns spent in this place.
 D = Turns resting spent in this place as a percentage of non-inter-level travel turns spent in this place.
 E = Turns spent auto-exploring this place as a percentage of non-inter-level travel turns spent in this place.
 F = Non-inter-level travel turns spent in this place divided by the number of levels of this place that you've seen.
                   A       B       C       D       E      F
               +-------+-------+-------+-------+-------+----------------------
         Total | 100.0 | 100.0 |   0.2 |   1.2 |   6.2 | 241.0
       Dungeon | 100.0 | 100.0 |   0.2 |   1.2 |   6.2 | 241.0
               +-------+-------+-------+-------+-------+----------------------

Vault maps used:
D:1:      tarquinn_simple_flora_water_c, minmay_fountain_box
D:2:      first_bread
